Mulligans vs Influenza
Created - February 5, 2019 at 22:23
Goals
|
| Mulligans |
3 |
0 |
1 |
0 |
0 |
4 |
| Influenza |
2 |
2 |
0 |
0 |
1 |
5 |
|
Shots
|
| Mulligans |
17 |
10 |
11 |
1 |
3 |
39 |
| Influenza |
17 |
18 |
10 |
0 |
2 |
45 |
|
1st period
1. Mulligans , Nick Bonino 37 (Cody Goloubef 23) at 8:53
2. Influenza , Beau Bennett 41 (Mathieu Carle 32) at 12:24
3. Mulligans , Jonathan Tremblay 13 (Nick Bonino 44) at 12:39
4. Mulligans , Eric Tangradi 26 (Nick Bonino 45) at 17:13 (PP)
5. Influenza , Beau Bennett 42 (Charlie Coyle 37) at 18:11
Penalties :
Jesse Graham (VJB) for Hooking (Minor) at 17:11
2nd period
6. Influenza , Charlie Coyle 15 (Calvin de Haan 44, Beau Bennett 39) at 13:52
7. Influenza , Jimmy Vesey 24 (Calvin de Haan 45, Mathieu Carle 33) at 17:22
Penalties :
Calvin de Haan (VJB) for High sticking (Minor) at 3:37, Calvin Pickard (Rep) for Slashing (Minor) at 10:46 - Logan Shaw served the penalty
3rd period
8. Mulligans , Nick Bonino 38 (Eric Tangradi 32) at 16:19
Penalties :
Calvin de Haan (VJB) for Hooking (Minor) at 14:18
Overtime #1
No Goal
Penalties :
No Penalty
Shootout
Mulligans, Nick Bonino - Stopped by Tyson Sexsmith
Influenza, Beau Bennett - Goal!
Mulligans, Eric Tangradi - Stopped by Tyson Sexsmith
Influenza, Alex Killorn - Shot Misses the Net
Mulligans, Anton Lander - Stopped by Tyson Sexsmith
Penalties :
No Penalty
Goalie Stats
Calvin Pickard (Rep), 41 saves from 45 shots - (0.911), OTL, 12-11-5, 65:00 minutes
Tyson Sexsmith (VJB), 35 saves from 39 shots - (0.897), W, 8-4-1, 65:00 minutes
Players Stats for Mulligans
Player Name G A P +/- PIM S H SB GA TA FO MP PP MP PK MP
------------------------------------------------------------------------------------
Anton Lander 0 0 0 -1 0 2 1 3 2 0 7/20 17:58 1:35 0:19
Ben Hutton 0 0 0 -1 0 1 1 0 0 0 0/0 21:58 2:02 0:38
Cade Fairchild 0 0 0 0 0 1 1 1 0 1 0/0 11:10 0:00 0:00
Christoph Bertschy 0 0 0 0 0 0 0 0 0 0 2/7 7:27 0:08 0:00
Cody Goloubef 0 1 1 1 0 2 0 0 0 2 0/0 26:25 1:58 1:21
Dalton Thrower 0 0 0 -1 0 0 0 0 0 0 0/0 5:27 0:00 0:00
Darren Dietz 0 0 0 0 0 0 0 1 0 1 0/0 11:10 0:00 0:00
Drayson Bowman 0 0 0 -1 0 2 1 0 1 0 1/1 16:09 1:35 0:00
Eric Tangradi 1 1 2 0 0 8 0 0 0 1 0/1 24:04 2:16 1:02
Jonathan Tremblay 1 0 1 0 0 2 5 0 0 0 0/1 20:25 2:16 0:00
Joonas Donskoi 0 0 0 0 0 2 0 1 0 0 0/0 14:43 0:09 0:00
Logan Shaw 0 0 0 -1 0 3 1 0 0 3 0/1 16:38 1:35 0:00
Matt Beleskey 0 0 0 0 0 2 1 0 2 0 0/1 7:56 0:00 0:38
Matt Donovan 0 0 0 0 0 2 0 0 3 0 0/0 31:52 1:58 1:21
Maxime Macenauer 0 0 0 0 0 2 0 0 0 0 3/6 14:52 0:00 0:19
Michael Sdao 0 0 0 -1 0 3 3 2 0 0 0/0 21:58 2:02 0:38
Nick Bonino 2 2 4 0 0 6 1 0 1 0 24/44 24:04 2:17 1:02
Sven Baertschi 0 0 0 0 0 1 2 0 0 0 2/2 15:45 0:09 0:38
Valeri Nichushkin 0 0 0 0 0 0 0 0 0 0 0/0 8:00 0:00 0:00
Players Stats for Influenza
Player Name G A P +/- PIM S H SB GA TA FO MP PP MP PK MP
------------------------------------------------------------------------------------
Alex Killorn 0 0 0 0 0 3 0 0 1 0 0/0 18:48 1:13 1:57
Anthony Mantha 0 0 0 0 0 4 1 0 0 0 0/0 13:55 0:00 0:00
Beau Bennett 2 1 3 3 0 6 4 1 0 0 0/1 21:48 1:13 0:34
Calvin de Haan 0 2 2 2 4 2 2 0 3 1 0/0 28:41 1:21 0:02
Charlie Coyle 1 1 2 3 0 2 0 0 0 1 29/47 24:34 1:13 2:00
Iiro Pakarinen 0 0 0 0 0 4 2 0 3 1 0/0 14:47 0:00 0:00
Jake Guentzel 0 0 0 0 0 3 2 0 0 2 8/13 16:34 0:46 0:00
Jesse Graham 0 0 0 0 2 0 1 0 0 0 0/0 12:28 0:00 0:23
Jimmy Vesey 1 0 1 3 0 4 1 0 0 0 0/1 19:28 0:46 0:05
Johan Larsson 0 0 0 -2 0 2 1 0 0 1 0/0 9:12 0:00 1:24
Jordan Schroeder 0 0 0 -1 0 1 0 0 0 0 2/4 8:23 0:00 0:37
Justin Bailey 0 0 0 -1 0 0 2 0 0 0 0/0 8:24 0:46 0:00
Mark Olver 0 0 0 -1 0 2 1 0 0 0 4/16 15:49 0:00 1:46
Mathieu Carle 0 2 2 2 0 4 2 2 1 0 0/0 30:18 1:21 1:54
Max Domi 0 0 0 0 0 5 1 0 0 0 2/2 14:39 0:00 0:00
Nikita Zadorov 0 0 0 0 0 1 1 1 0 1 0/0 15:41 0:00 2:08
Paul Ladue 0 0 0 -2 0 1 2 0 0 2 0/0 22:00 0:38 1:28
Tim Erixon 0 0 0 -1 0 1 0 2 0 0 0/0 20:28 0:38 1:42
3 Stars
1 - Beau Bennett (VJB)
2 - Nick Bonino (Rep)
3 - Charlie Coyle (VJB)
Power Play
Mulligans - 1 on 3 Attempt(s) - 33.33%
Influenza - 0 on 1 Attempt(s) - 0.00%
Penalty Kill
Mulligans - 1 on 1 Attempt(s) - 100.00%
- Score 0 goal in Penalty Kill
Influenza - 2 on 3 Attempt(s) - 66.67%
- Score 0 goal in Penalty Kill
Team Stat
Mulligans - Hits : 17 - Faceoff Wins : 39 - Blocked Shots : 8 - Penalty Minutes : 2
Influenza - Hits : 23 - Faceoff Wins : 45 - Blocked Shots : 6 - Penalty Minutes : 6
Official
Referees : Unknown
Linesman : Unknown
Game Notes
Tim Erixon is injured at 1:25 of 1st overtime period (Lower Body)
Finance
Level 1 -- Attendance: 1662 (83.10%) -- Ticket Income $66,480
Level 2 -- Attendance: 739 (73.90%) -- Ticket Income $14,780
Total Attendance: 2401 (80.03%)
Total Ticket Income: $81,260
Other Income: $4,063
Total Income: $85,323
Mulligans
5 vs 5 Forward
Center Left Wing Right Wing Time % Phy DF OF
1 Nick Bonino Eric Tangradi Jonathan Tremblay 40 0 2 3
2 Anton Lander Drayson Bowman Logan Shaw 30 0 2 3
3 Maxime Macenauer Sven Baertschi Joonas Donskoi 20 0 2 3
4 Christoph Bertschy Matt Beleskey Valeri Nichushkin 10 0 2 3
5 vs 5 Defense
Defense Defense Time % Phy DF OF
1 Matt Donovan Cody Goloubef 40 0 3 2
2 Michael Sdao Ben Hutton 30 0 3 2
3 Cade Fairchild Darren Dietz 20 0 3 2
4 Dalton Thrower Matt Donovan 10 0 3 2
PowerPlay Forward
Center Left Wing Right Wing Time % Phy DF OF
1 Nick Bonino Eric Tangradi Jonathan Tremblay 60 0 1 4
2 Anton Lander Drayson Bowman Logan Shaw 40 0 1 4
PowerPlay Defense
Defense Defense Time % Phy DF OF
1 Matt Donovan Cody Goloubef 60 0 2 3
2 Michael Sdao Ben Hutton 40 0 2 3
Penalty Kill 4 Players Forward
Center Wing Time % Phy DF OF
1 Nick Bonino Eric Tangradi 60 0 3 2
2 Anton Lander Maxime Macenauer 40 0 3 2
Penalty Kill 4 Players Defense
Defense Defense Time % Phy DF OF
1 Matt Donovan Cody Goloubef 60 1 4 0
2 Michael Sdao Ben Hutton 40 1 4 0
Penalty Kill - 3 Players Forward
Forward Time % Phy DF OF
1 Nick Bonino 60 1 3 1
2 Eric Tangradi 40 1 3 1
Penalty Kill - 3 Players Defense
Defense Defense Time % Phy DF OF
1 Matt Donovan Cody Goloubef 60 1 4 0
2 Michael Sdao Ben Hutton 40 1 4 0
4 vs 4 Forward
Center Wing Time % Phy DF OF
1 Nick Bonino Eric Tangradi 60 0 2 3
2 Anton Lander Maxime Macenauer 40 0 2 3
4 vs 4 Defense
Defense Defense Time % Phy DF OF
1 Matt Donovan Cody Goloubef 60 0 3 2
2 Michael Sdao Ben Hutton 40 0 3 2
Last Minutes Offensive
Center Left Wing Right Wing Defense Defense
Nick Bonino Eric Tangradi Jonathan Tremblay Matt Donovan Cody Goloubef
Last Minutes Defensive
Center Left Wing Right Wing Defense Defense
Nick Bonino Eric Tangradi Jonathan Tremblay Matt Donovan Cody Goloubef
Goaltenders
Starting : Calvin Pickard
Backup : Juuse Saros
Extra Forwards
Normal : Sven Baertschi, Joonas Donskoi, Valeri Nichushkin - PP : Sven Baertschi, Joonas Donskoi - PK : Matt Beleskey
Extra Defensemen
Normal : Cade Fairchild, Darren Dietz, Dalton Thrower - PP : Cade Fairchild - PK : Darren Dietz, Dalton Thrower
Penalty Shots
Nick Bonino, Eric Tangradi, Anton Lander, Maxime Macenauer, Jonathan Tremblay
Scratches
Reid Boucher (Healthy), Nick Moutrey (Healthy), John Hayden (Healthy), Jonny Brodzinski (Healthy), Marek Langhamer (Healthy)
Influenza
5 vs 5 Forward
Center Left Wing Right Wing Time % Phy DF OF
1 Charlie Coyle Jimmy Vesey Beau Bennett 40 1 2 2
2 Jake Guentzel Max Domi Iiro Pakarinen 30 1 2 2
3 Mark Olver Alex Killorn Anthony Mantha 20 1 2 2
4 Jordan Schroeder Johan Larsson Justin Bailey 10 1 2 2
5 vs 5 Defense
Defense Defense Time % Phy DF OF
1 Calvin de Haan Mathieu Carle 40 1 2 2
2 Paul Ladue Tim Erixon 30 1 2 2
3 Nikita Zadorov Jesse Graham 20 1 2 2
4 Calvin de Haan Mathieu Carle 10 1 2 2
PowerPlay Forward
Center Left Wing Right Wing Time % Phy DF OF
1 Charlie Coyle Alex Killorn Beau Bennett 60 1 2 2
2 Jake Guentzel Jimmy Vesey Justin Bailey 40 1 2 2
PowerPlay Defense
Defense Defense Time % Phy DF OF
1 Calvin de Haan Mathieu Carle 60 1 2 2
2 Tim Erixon Paul Ladue 40 1 2 2
Penalty Kill 4 Players Forward
Center Wing Time % Phy DF OF
1 Charlie Coyle Alex Killorn 60 1 2 2
2 Mark Olver Beau Bennett 40 1 2 2
Penalty Kill 4 Players Defense
Defense Defense Time % Phy DF OF
1 Calvin de Haan Nikita Zadorov 60 1 2 2
2 Mathieu Carle Paul Ladue 40 1 2 2
Penalty Kill - 3 Players Forward
Forward Time % Phy DF OF
1 Charlie Coyle 60 1 2 2
2 Mark Olver 40 1 2 2
Penalty Kill - 3 Players Defense
Defense Defense Time % Phy DF OF
1 Nikita Zadorov Tim Erixon 60 1 2 2
2 Mathieu Carle Paul Ladue 40 1 2 2
4 vs 4 Forward
Center Wing Time % Phy DF OF
1 Charlie Coyle Alex Killorn 60 1 2 2
2 Mark Olver Beau Bennett 40 1 2 2
4 vs 4 Defense
Defense Defense Time % Phy DF OF
1 Calvin de Haan Mathieu Carle 60 1 2 2
2 Tim Erixon Paul Ladue 40 1 2 2
Last Minutes Offensive
Center Left Wing Right Wing Defense Defense
Charlie Coyle Alex Killorn Beau Bennett Calvin de Haan Mathieu Carle
Last Minutes Defensive
Center Left Wing Right Wing Defense Defense
Charlie Coyle Alex Killorn Beau Bennett Calvin de Haan Nikita Zadorov
Goaltenders
Starting : Tyson Sexsmith
Backup : Jeremy Duchesne
Extra Forwards
Normal : Anthony Mantha, Jake Guentzel, Alex Killorn - PP : Justin Bailey, Beau Bennett - PK : Mark Olver
Extra Defensemen
Normal : Paul Ladue, Calvin de Haan, Tim Erixon - PP : Tim Erixon - PK : Tim Erixon, Nikita Zadorov
Penalty Shots
Beau Bennett, Alex Killorn, Jake Guentzel, Jordan Schroeder, Mark Olver
Scratches
Jacob Josefson (Healthy), Shane Prince (Healthy), Jamie Devane (Healthy), Jeff Corbett (Healthy), Henri Ikonen (Healthy)
Fredric Larsson (Healthy), Tom Kuhnhackl (Healthy), Rocco Grimaldi (Healthy), Josh Andrerson (Healthy), Dmitry Sinitsyn (Back Injury)
Nikita Gusev (Healthy), Luca Sbisa (Bruised Left Shoulder Injury), Jamie Phillips (Healthy)
% Time on Ice - Mulligans
Lines # - Real PCT - Wanted PCT - Time Play
Normal Forward
1 - 35% - 40% - 18:50
2 - 27% - 30% - 14:34
3 - 25% - 20% - 13:19
4 - 14% - 10% - 7:18
Normal Defense
1 - 38% - 40% - 20:28
2 - 31% - 30% - 16:56
3 - 21% - 20% - 11:10
4 - 10% - 10% - 5:27
PP Forward
1 - 60% - 60% - 2:25
2 - 40% - 40% - 1:35
PP Defense
1 - 49% - 60% - 1:58
2 - 51% - 40% - 2:02
PK Forward
1 - 84% - 60% - 1:40
2 - 16% - 40% - 0:19
PK Defense
1 - 68% - 60% - 1:21
2 - 32% - 40% - 0:38
PK3 Forward
1 - 0% - 60%
2 - 0% - 40%
PK3 Defense
1 - 0% - 60%
2 - 0% - 40%
44 Forward
1 - 75% - 60% - 3:46
2 - 25% - 40% - 1:14
44 Defense
1 - 53% - 60% - 2:38
2 - 47% - 40% - 2:22
Last Minute Offensive - 0:00
Last Minute Defensive - 0:00
Total
Forward - 65:00
Defense - 65:00
|
% Time on Ice - Influenza
Lines # - Real PCT - Wanted PCT - Time Play
Normal Forward
1 - 35% - 40% - 19:10
2 - 27% - 30% - 14:39
3 - 23% - 20% - 12:34
4 - 14% - 10% - 7:38
Normal Defense
1 - 39% - 40% - 21:07
2 - 32% - 30% - 17:22
3 - 22% - 20% - 12:04
4 - 6% - 10% - 3:28
PP Forward
1 - 61% - 60% - 1:13
2 - 39% - 40% - 0:46
PP Defense
1 - 68% - 60% - 1:21
2 - 32% - 40% - 0:38
PK Forward
1 - 86% - 60% - 3:26
2 - 14% - 40% - 0:34
PK Defense
1 - 78% - 60% - 3:07
2 - 22% - 40% - 0:53
PK3 Forward
1 - 0% - 60%
2 - 0% - 40%
PK3 Defense
1 - 0% - 60%
2 - 0% - 40%
44 Forward
1 - 72% - 60% - 3:35
2 - 28% - 40% - 1:25
44 Defense
1 - 43% - 60% - 2:10
2 - 57% - 40% - 2:50
Last Minute Offensive - 0:00
Last Minute Defensive - 0:00
Total
Forward - 65:00
Defense - 65:00
|
Play-by-Play
1st period
0:01 of 1st period - Nick Bonino wins face-off versus Charlie Coyle in neutral zone.
0:14 of 1st period - Jimmy Vesey is hit by Jonathan Tremblay and loses puck.
0:32 of 1st period - Wrist shot by Jake Guentzel.
0:32 of 1st period - Shot Blocked by Anton Lander.
0:34 of 1st period - Slapshot by Mathieu Carle.
0:34 of 1st period - Stopped by Calvin Pickard with a rebound.
1:45 of 1st period - Off-side.
1:46 of 1st period - Anton Lander wins face-off versus Jake Guentzel in neutral zone.
2:18 of 1st period - Wrist shot by Nick Bonino.
2:18 of 1st period - Stopped by Tyson Sexsmith with a rebound.
2:20 of 1st period - Wrist shot by Eric Tangradi.
2:20 of 1st period - Stopped by Tyson Sexsmith without a rebound.
2:21 of 1st period - Mark Olver wins face-off versus Maxime Macenauer in Influenza zone.
2:27 of 1st period - Icing by Ben Hutton.
2:28 of 1st period - Sven Baertschi wins face-off versus Mark Olver in Mulligans zone.
2:43 of 1st period - Snap shot by Alex Killorn.
2:43 of 1st period - Stopped by Calvin Pickard with a rebound.
2:53 of 1st period - Jimmy Vesey is hit by Nick Bonino and loses puck.
3:18 of 1st period - Snap shot by Max Domi.
3:18 of 1st period - Stopped by Calvin Pickard with a rebound.
3:20 of 1st period - Slapshot by Nikita Zadorov.
3:20 of 1st period - Deflect By Jake Guentzel.
3:20 of 1st period - Stopped by Calvin Pickard without a rebound.
3:21 of 1st period - Charlie Coyle wins face-off versus Anton Lander in Mulligans zone.
3:24 of 1st period - Slapshot by Beau Bennett.
3:24 of 1st period - Stopped by Calvin Pickard with a rebound.
3:26 of 1st period - Slapshot by Tim Erixon.
3:26 of 1st period - Stopped by Calvin Pickard with a rebound.
3:48 of 1st period - Jonathan Tremblay is hit by Max Domi and loses puck.
3:53 of 1st period - Wrist shot by Jake Guentzel.
3:53 of 1st period - Stopped by Calvin Pickard without a rebound.
3:54 of 1st period - Jake Guentzel wins face-off versus Nick Bonino in Mulligans zone.
4:11 of 1st period - Off-side.
4:12 of 1st period - Charlie Coyle wins face-off versus Christoph Bertschy in neutral zone.
4:38 of 1st period - Maxime Macenauer is hit by Mark Olver.
4:52 of 1st period - Sven Baertschi is hit by Anthony Mantha and loses puck.
5:01 of 1st period - Snap shot by Sven Baertschi.
5:01 of 1st period - Stopped by Tyson Sexsmith without a rebound.
5:02 of 1st period - Jordan Schroeder wins face-off versus Nick Bonino in Influenza zone.
5:49 of 1st period - Off-side.
5:50 of 1st period - Jake Guentzel wins face-off versus Christoph Bertschy in neutral zone.
6:23 of 1st period - Snap shot by Matt Beleskey.
6:23 of 1st period - Stopped by Tyson Sexsmith with a rebound.
6:25 of 1st period - Slapshot by Matt Donovan.
6:25 of 1st period - Stopped by Tyson Sexsmith without a rebound.
6:26 of 1st period - Charlie Coyle wins face-off versus Nick Bonino in Influenza zone.
6:33 of 1st period - Snap shot by Jimmy Vesey.
6:33 of 1st period - Stopped by Calvin Pickard with a rebound.
6:57 of 1st period - Wrist shot by Joonas Donskoi.
6:57 of 1st period - Stopped by Tyson Sexsmith without a rebound.
6:58 of 1st period - Maxime Macenauer wins face-off versus Mark Olver in Influenza zone.
7:37 of 1st period - Wrist shot by Sven Baertschi.
7:37 of 1st period - Shot Misses the Net.
7:39 of 1st period - Slapshot by Cade Fairchild.
7:39 of 1st period - Stopped by Tyson Sexsmith with a rebound.
7:41 of 1st period - Snap shot by Maxime Macenauer.
7:41 of 1st period - Stopped by Tyson Sexsmith without a rebound.
7:42 of 1st period - Charlie Coyle wins face-off versus Nick Bonino in Influenza zone.
8:15 of 1st period - Snap shot by Iiro Pakarinen.
8:15 of 1st period - Shot Misses the Net.
8:17 of 1st period - Backhand shot by Jake Guentzel.
8:17 of 1st period - Shot Misses the Net.
8:53 of 1st period - Wrist shot by Nick Bonino.
8:53 of 1st period - Goal by Nick Bonino - Mulligans : 1 - Influenza : 0.
8:54 of 1st period - Charlie Coyle wins face-off versus Anton Lander in neutral zone.
9:30 of 1st period - Slapshot by Nick Bonino.
9:30 of 1st period - Shot Misses the Net.
9:32 of 1st period - Slapshot by Jonathan Tremblay.
9:32 of 1st period - Stopped by Tyson Sexsmith without a rebound.
9:33 of 1st period - Nick Bonino wins face-off versus Mark Olver in Influenza zone.
9:44 of 1st period - Wrist shot by Jonathan Tremblay.
9:44 of 1st period - Shot Blocked by Tim Erixon.
9:46 of 1st period - Snap shot by Eric Tangradi.
9:46 of 1st period - Shot Misses the Net.
9:48 of 1st period - Wrist shot by Jonathan Tremblay.
9:48 of 1st period - Shot Misses the Net.
10:09 of 1st period - Off-side.
10:10 of 1st period - Charlie Coyle wins face-off versus Anton Lander in neutral zone.
10:13 of 1st period - Wrist shot by Jimmy Vesey.
10:13 of 1st period - Stopped by Calvin Pickard with a rebound.
10:35 of 1st period - Mathieu Carle is hit by Jonathan Tremblay and loses puck.
10:53 of 1st period - Icing by Jake Guentzel.
10:54 of 1st period - Anton Lander wins face-off versus Jake Guentzel in Influenza zone.
11:09 of 1st period - Slapshot by Calvin de Haan.
11:09 of 1st period - Deflect By Max Domi.
11:09 of 1st period - Stopped by Calvin Pickard without a rebound.
11:10 of 1st period - Nick Bonino wins face-off versus Charlie Coyle in Mulligans zone.
11:26 of 1st period - Slapshot by Beau Bennett.
11:26 of 1st period - Stopped by Calvin Pickard with a rebound.
11:44 of 1st period - Wrist shot by Logan Shaw.
11:44 of 1st period - Stopped by Tyson Sexsmith without a rebound.
11:45 of 1st period - Jake Guentzel wins face-off versus Logan Shaw in Influenza zone.
11:56 of 1st period - Wrist shot by Drayson Bowman.
11:56 of 1st period - Stopped by Tyson Sexsmith without a rebound.
11:57 of 1st period - Nick Bonino wins face-off versus Charlie Coyle in Influenza zone.
11:58 of 1st period - Snap shot by Eric Tangradi.
11:58 of 1st period - Stopped by Tyson Sexsmith with a rebound.
12:04 of 1st period - Snap shot by Eric Tangradi.
12:04 of 1st period - Shot Blocked by Mathieu Carle.
12:06 of 1st period - Slapshot by Matt Donovan.
12:06 of 1st period - Deflect By Eric Tangradi.
12:06 of 1st period - Shot Misses the Net.
12:06 of 1st period - Puck is out of play.
12:07 of 1st period - Charlie Coyle wins face-off versus Nick Bonino in Influenza zone.
12:24 of 1st period - Slapshot by Beau Bennett.
12:24 of 1st period - Goal by Beau Bennett - Mulligans : 1 - Influenza : 1.
12:25 of 1st period - Charlie Coyle wins face-off versus Nick Bonino in neutral zone.
12:30 of 1st period - Charlie Coyle is hit by Jonathan Tremblay and loses puck.
12:39 of 1st period - Wrist shot by Jonathan Tremblay.
12:39 of 1st period - Goal by Jonathan Tremblay - Mulligans : 2 - Influenza : 1.
12:40 of 1st period - Charlie Coyle wins face-off versus Anton Lander in neutral zone.
13:52 of 1st period - Snap shot by Mark Olver.
13:52 of 1st period - Stopped by Calvin Pickard without a rebound.
13:53 of 1st period - Charlie Coyle wins face-off versus Christoph Bertschy in Mulligans zone.
14:43 of 1st period - Matt Beleskey is hit by Iiro Pakarinen and loses puck.
15:00 of 1st period - Nick Bonino is hit by Justin Bailey and loses puck.
16:19 of 1st period - Darren Dietz is hit by Nikita Zadorov and loses puck.
16:38 of 1st period - Anthony Mantha is hit by Sven Baertschi and loses puck.
16:45 of 1st period - Darren Dietz is hit by Paul Ladue and loses puck.
17:11 of 1st period - Minor Penalty to Jesse Graham for Hooking.
17:12 of 1st period - Nick Bonino wins face-off versus Charlie Coyle in Influenza zone.
17:13 of 1st period - Wrist shot by Eric Tangradi.
17:13 of 1st period - Goal by Eric Tangradi - Mulligans : 3 - Influenza : 1.
17:14 of 1st period - Charlie Coyle wins face-off versus Nick Bonino in neutral zone.
17:17 of 1st period - Nick Bonino is hit by Beau Bennett and loses puck.
17:47 of 1st period - Snap shot by Jake Guentzel.
17:47 of 1st period - Shot Blocked by Anton Lander.
17:58 of 1st period - Off-side.
17:59 of 1st period - Maxime Macenauer wins face-off versus Mark Olver in neutral zone.
18:07 of 1st period - Slapshot by Mathieu Carle.
18:07 of 1st period - Shot Blocked by Joonas Donskoi.
18:09 of 1st period - Slapshot by Calvin de Haan.
18:09 of 1st period - Stopped by Calvin Pickard without a rebound.
18:10 of 1st period - Charlie Coyle wins face-off versus Nick Bonino in Mulligans zone.
18:11 of 1st period - Wrist shot by Beau Bennett.
18:11 of 1st period - Deflect By Nick Bonino.
18:11 of 1st period - Goal by Beau Bennett - Mulligans : 3 - Influenza : 2.
18:12 of 1st period - Charlie Coyle wins face-off versus Eric Tangradi in neutral zone.
18:15 of 1st period - Nick Bonino is hit by Beau Bennett and loses puck.
18:20 of 1st period - Slapshot by Charlie Coyle.
18:20 of 1st period - Stopped by Calvin Pickard without a rebound.
18:21 of 1st period - Nick Bonino wins face-off versus Charlie Coyle in Mulligans zone.
18:30 of 1st period - Off-side.
18:31 of 1st period - Jake Guentzel wins face-off versus Anton Lander in neutral zone.
18:36 of 1st period - Wrist shot by Max Domi.
18:36 of 1st period - Stopped by Calvin Pickard without a rebound.
18:37 of 1st period - Jake Guentzel wins face-off versus Anton Lander in Mulligans zone.
19:01 of 1st period - Backhand shot by Matt Donovan.
19:01 of 1st period - Stopped by Tyson Sexsmith without a rebound.
19:02 of 1st period - Nick Bonino wins face-off versus Charlie Coyle in Influenza zone.
19:09 of 1st period - Wrist shot by Eric Tangradi.
19:09 of 1st period - Stopped by Tyson Sexsmith with a rebound.
Goals for this period are 3 for Mulligans vs 2 for Influenza.
Shots for this period are 17 for Mulligans vs 17 for Influenza.
2nd period
0:01 of 2nd period - Nick Bonino wins face-off versus Charlie Coyle in neutral zone.
0:14 of 2nd period - Snap shot by Eric Tangradi.
0:14 of 2nd period - Stopped by Tyson Sexsmith with a rebound.
0:28 of 2nd period - Wrist shot by Ben Hutton.
0:28 of 2nd period - Stopped by Tyson Sexsmith without a rebound.
0:29 of 2nd period - Anton Lander wins face-off versus Jake Guentzel in Influenza zone.
0:32 of 2nd period - Snap shot by Anton Lander.
0:32 of 2nd period - Stopped by Tyson Sexsmith with a rebound.
0:40 of 2nd period - Snap shot by Iiro Pakarinen.
0:40 of 2nd period - Shot Misses the Net.
0:42 of 2nd period - Wrist shot by Jake Guentzel.
0:42 of 2nd period - Stopped by Calvin Pickard with a rebound.
0:44 of 2nd period - Slapshot by Iiro Pakarinen.
0:44 of 2nd period - Stopped by Calvin Pickard with a rebound.
1:06 of 2nd period - Slapshot by Calvin de Haan.
1:06 of 2nd period - Stopped by Calvin Pickard without a rebound.
1:07 of 2nd period - Charlie Coyle wins face-off versus Nick Bonino in Mulligans zone.
1:10 of 2nd period - Wrist shot by Beau Bennett.
1:10 of 2nd period - Stopped by Calvin Pickard without a rebound.
1:11 of 2nd period - Nick Bonino wins face-off versus Charlie Coyle in Mulligans zone.
1:15 of 2nd period - Off-side.
1:16 of 2nd period - Charlie Coyle wins face-off versus Nick Bonino in neutral zone.
1:29 of 2nd period - Backhand shot by Beau Bennett.
1:29 of 2nd period - Shot Misses the Net.
1:33 of 2nd period - Snap shot by Beau Bennett.
1:33 of 2nd period - Stopped by Calvin Pickard without a rebound.
1:34 of 2nd period - Maxime Macenauer wins face-off versus Mark Olver in Mulligans zone.
1:47 of 2nd period - Slapshot by Alex Killorn.
1:47 of 2nd period - Stopped by Calvin Pickard with a rebound.
1:49 of 2nd period - Slapshot by Tim Erixon.
1:49 of 2nd period - Shot Blocked by Michael Sdao.
1:59 of 2nd period - Maxime Macenauer is hit by Iiro Pakarinen and loses puck.
3:30 of 2nd period - Wrist shot by Joonas Donskoi.
3:30 of 2nd period - Stopped by Tyson Sexsmith without a rebound.
3:31 of 2nd period - Nick Bonino wins face-off versus Charlie Coyle in Influenza zone.
3:34 of 2nd period - Wrist shot by Eric Tangradi.
3:34 of 2nd period - Stopped by Tyson Sexsmith without a rebound.
3:35 of 2nd period - Charlie Coyle wins face-off versus Jonathan Tremblay in Influenza zone.
3:37 of 2nd period - Minor Penalty to Calvin de Haan for High sticking.
3:38 of 2nd period - Charlie Coyle wins face-off versus Nick Bonino in Influenza zone.
5:37 of 2nd period - Penalty to Calvin de Haan is over, Calvin de Haan is back on ice.
5:50 of 2nd period - Wrist shot by Jake Guentzel.
5:50 of 2nd period - Deflect By Iiro Pakarinen.
5:50 of 2nd period - Stopped by Calvin Pickard without a rebound.
5:51 of 2nd period - Max Domi wins face-off versus Christoph Bertschy in Mulligans zone.
6:04 of 2nd period - Iiro Pakarinen is hit by Cade Fairchild and loses puck.
6:24 of 2nd period - Cade Fairchild is hit by Mathieu Carle.
6:27 of 2nd period - Off-side.
6:28 of 2nd period - Anton Lander wins face-off versus Mark Olver in neutral zone.
6:39 of 2nd period - Snap shot by Anton Lander.
6:39 of 2nd period - Shot Blocked by Nikita Zadorov.
6:41 of 2nd period - Slapshot by Cody Goloubef.
6:41 of 2nd period - Stopped by Tyson Sexsmith with a rebound.
7:16 of 2nd period - Tim Erixon is hit by Michael Sdao and loses puck.
8:09 of 2nd period - Darren Dietz is hit by Paul Ladue and loses puck.
8:55 of 2nd period - Joonas Donskoi is hit by Jesse Graham and loses puck.
9:30 of 2nd period - Mathieu Carle is hit by Anton Lander and loses puck.
10:23 of 2nd period - Ben Hutton is hit by Jake Guentzel and loses puck.
10:40 of 2nd period - Slapshot by Johan Larsson.
10:40 of 2nd period - Stopped by Calvin Pickard with a rebound.
10:42 of 2nd period - Snap shot by Jordan Schroeder.
10:42 of 2nd period - Shot Misses the Net.
10:44 of 2nd period - Wrist shot by Tim Erixon.
10:44 of 2nd period - Shot Misses the Net.
10:46 of 2nd period - Slapshot by Paul Ladue.
10:46 of 2nd period - Deflect By Drayson Bowman.
10:46 of 2nd period - Stopped by Calvin Pickard without a rebound.
10:46 of 2nd period - Minor Penalty to Calvin Pickard for Slashing.
10:47 of 2nd period - Nick Bonino wins face-off versus Charlie Coyle in Mulligans zone.
11:06 of 2nd period - Cody Goloubef is hit by Mathieu Carle and loses puck.
12:28 of 2nd period - Icing by Calvin de Haan.
12:29 of 2nd period - Charlie Coyle wins face-off versus Matt Beleskey in Influenza zone.
12:46 of 2nd period - Penalty to Logan Shaw is over, Logan Shaw is back on ice.
12:55 of 2nd period - Snap shot by Drayson Bowman.
12:55 of 2nd period - Stopped by Tyson Sexsmith without a rebound.
12:56 of 2nd period - Anton Lander wins face-off versus Jake Guentzel in Influenza zone.
13:21 of 2nd period - Nikita Zadorov is hit by Jonathan Tremblay and loses puck.
13:26 of 2nd period - Slapshot by Nick Bonino.
13:26 of 2nd period - Deflect By Eric Tangradi.
13:26 of 2nd period - Shot Misses the Net.
13:26 of 2nd period - Puck is out of play.
13:27 of 2nd period - Nick Bonino wins face-off versus Beau Bennett in Influenza zone.
13:30 of 2nd period - Wrist shot by Eric Tangradi.
13:30 of 2nd period - Shot Blocked by Beau Bennett.
13:37 of 2nd period - Icing by Jimmy Vesey.
13:38 of 2nd period - Nick Bonino wins face-off versus Charlie Coyle in Influenza zone.
13:43 of 2nd period - Wrist shot by Nick Bonino.
13:43 of 2nd period - Stopped by Tyson Sexsmith without a rebound.
13:44 of 2nd period - Charlie Coyle wins face-off versus Nick Bonino in Influenza zone.
13:50 of 2nd period - Slapshot by Calvin de Haan.
13:50 of 2nd period - Shot Misses the Net.
13:52 of 2nd period - Snap shot by Charlie Coyle.
13:52 of 2nd period - Goal by Charlie Coyle - Mulligans : 3 - Influenza : 3.
13:53 of 2nd period - Charlie Coyle wins face-off versus Nick Bonino in neutral zone.
14:20 of 2nd period - Off-side.
14:21 of 2nd period - Drayson Bowman wins face-off versus Mark Olver in neutral zone.
14:24 of 2nd period - Wrist shot by Logan Shaw.
14:24 of 2nd period - Stopped by Tyson Sexsmith without a rebound.
14:25 of 2nd period - Mark Olver wins face-off versus Anton Lander in Influenza zone.
15:01 of 2nd period - Wrist shot by Alex Killorn.
15:01 of 2nd period - Deflect By Anthony Mantha.
15:01 of 2nd period - Stopped by Calvin Pickard with a rebound.
15:03 of 2nd period - Snap shot by Mark Olver.
15:03 of 2nd period - Shot Misses the Net.
15:05 of 2nd period - Wrist shot by Anthony Mantha.
15:05 of 2nd period - Shot Misses the Net.
15:07 of 2nd period - Wrist shot by Anthony Mantha.
15:07 of 2nd period - Stopped by Calvin Pickard with a rebound.
15:09 of 2nd period - Snap shot by Jesse Graham.
15:09 of 2nd period - Shot Blocked by Michael Sdao.
15:11 of 2nd period - Wrist shot by Anthony Mantha.
15:11 of 2nd period - Stopped by Calvin Pickard with a rebound.
15:13 of 2nd period - Slapshot by Nikita Zadorov.
15:13 of 2nd period - Stopped by Calvin Pickard with a rebound.
15:15 of 2nd period - Snap shot by Anthony Mantha.
15:15 of 2nd period - Shot Misses the Net.
15:21 of 2nd period - Wrist shot by Anthony Mantha.
15:21 of 2nd period - Stopped by Calvin Pickard with a rebound.
15:23 of 2nd period - Snap shot by Alex Killorn.
15:23 of 2nd period - Shot Misses the Net.
15:25 of 2nd period - Snap shot by Anthony Mantha.
15:25 of 2nd period - Shot Misses the Net.
15:27 of 2nd period - Slapshot by Jesse Graham.
15:27 of 2nd period - Shot Misses the Net.
15:29 of 2nd period - Snap shot by Mark Olver.
15:29 of 2nd period - Stopped by Calvin Pickard without a rebound.
15:30 of 2nd period - Nick Bonino wins face-off versus Charlie Coyle in Mulligans zone.
15:51 of 2nd period - Nick Bonino is hit by Jimmy Vesey.
16:24 of 2nd period - Matt Beleskey is hit by Johan Larsson and loses puck.
16:37 of 2nd period - Snap shot by Johan Larsson.
16:37 of 2nd period - Stopped by Calvin Pickard without a rebound.
16:38 of 2nd period - Nick Bonino wins face-off versus Charlie Coyle in Mulligans zone.
17:03 of 2nd period - Beau Bennett is hit by Michael Sdao and loses puck.
17:10 of 2nd period - Matt Beleskey is hit by Beau Bennett.
17:22 of 2nd period - Slapshot by Calvin de Haan.
17:22 of 2nd period - Deflect By Jimmy Vesey.
17:22 of 2nd period - Goal by Jimmy Vesey - Mulligans : 3 - Influenza : 4.
17:23 of 2nd period - Nick Bonino wins face-off versus Mark Olver in neutral zone.
17:39 of 2nd period - Off-side.
17:40 of 2nd period - Anton Lander wins face-off versus Charlie Coyle in neutral zone.
18:24 of 2nd period - Icing by Charlie Coyle.
18:25 of 2nd period - Nick Bonino wins face-off versus Charlie Coyle in Influenza zone.
18:31 of 2nd period - Off-side.
18:32 of 2nd period - Max Domi wins face-off versus Nick Bonino in neutral zone.
18:43 of 2nd period - Snap shot by Iiro Pakarinen.
18:43 of 2nd period - Shot Misses the Net.
19:45 of 2nd period - Snap shot by Beau Bennett.
19:45 of 2nd period - Shot Misses the Net.
19:59 of 2nd period - Snap shot by Eric Tangradi.
19:59 of 2nd period - Stopped by Tyson Sexsmith without a rebound.
Goals for this period are 0 for Mulligans vs 2 for Influenza.
Shots for this period are 10 for Mulligans vs 18 for Influenza.
3rd period
0:01 of 3rd period - Charlie Coyle wins face-off versus Nick Bonino in neutral zone.
0:06 of 3rd period - Matt Donovan is hit by Calvin de Haan and loses puck.
0:11 of 3rd period - Snap shot by Beau Bennett.
0:11 of 3rd period - Shot Misses the Net.
0:29 of 3rd period - Backhand shot by Alex Killorn.
0:29 of 3rd period - Deflect By Mark Olver.
0:29 of 3rd period - Shot Misses the Net.
0:29 of 3rd period - Puck is out of play.
0:30 of 3rd period - Anton Lander wins face-off versus Mark Olver in Mulligans zone.
1:27 of 3rd period - Off-side.
1:28 of 3rd period - Charlie Coyle wins face-off versus Nick Bonino in neutral zone.
2:05 of 3rd period - Iiro Pakarinen is hit by Drayson Bowman and loses puck.
2:39 of 3rd period - Cody Goloubef is hit by Justin Bailey and loses puck.
2:47 of 3rd period - Snap shot by Johan Larsson.
2:47 of 3rd period - Shot Hit the Post.
3:28 of 3rd period - Iiro Pakarinen is hit by Michael Sdao and loses puck.
4:07 of 3rd period - Slapshot by Mathieu Carle.
4:07 of 3rd period - Deflect By Nick Bonino.
4:07 of 3rd period - Stopped by Calvin Pickard with a rebound.
4:09 of 3rd period - Wrist shot by Calvin de Haan.
4:09 of 3rd period - Shot Blocked by Cade Fairchild.
4:11 of 3rd period - Snap shot by Jordan Schroeder.
4:11 of 3rd period - Stopped by Calvin Pickard with a rebound.
4:13 of 3rd period - Slapshot by Mathieu Carle.
4:13 of 3rd period - Stopped by Calvin Pickard with a rebound.
4:15 of 3rd period - Wrist shot by Jordan Schroeder.
4:15 of 3rd period - Deflect By Johan Larsson.
4:15 of 3rd period - Shot Misses the Net.
4:15 of 3rd period - Puck is out of play.
4:16 of 3rd period - Charlie Coyle wins face-off versus Anton Lander in Mulligans zone.
4:41 of 3rd period - Eric Tangradi is hit by Jake Guentzel and loses puck.
5:23 of 3rd period - Icing by Matt Beleskey.
5:24 of 3rd period - Jordan Schroeder wins face-off versus Christoph Bertschy in Mulligans zone.
5:35 of 3rd period - Justin Bailey is hit by Matt Beleskey and loses puck.
5:50 of 3rd period - Mathieu Carle is hit by Logan Shaw and loses puck.
5:57 of 3rd period - Wrist shot by Logan Shaw.
5:57 of 3rd period - Stopped by Tyson Sexsmith without a rebound.
5:58 of 3rd period - Nick Bonino wins face-off versus Charlie Coyle in Influenza zone.
6:07 of 3rd period - Wrist shot by Nick Bonino.
6:07 of 3rd period - Stopped by Tyson Sexsmith without a rebound.
6:08 of 3rd period - Nick Bonino wins face-off versus Charlie Coyle in Influenza zone.
6:27 of 3rd period - Snap shot by Jimmy Vesey.
6:27 of 3rd period - Stopped by Calvin Pickard without a rebound.
6:28 of 3rd period - Jake Guentzel wins face-off versus Anton Lander in Mulligans zone.
7:05 of 3rd period - Snap shot by Eric Tangradi.
7:05 of 3rd period - Stopped by Tyson Sexsmith with a rebound.
7:18 of 3rd period - Off-side.
7:19 of 3rd period - Mark Olver wins face-off versus Maxime Macenauer in neutral zone.
7:31 of 3rd period - Slapshot by Matt Donovan.
7:31 of 3rd period - Shot Blocked by Tim Erixon.
8:19 of 3rd period - Matt Donovan is hit by Calvin de Haan and loses puck.
8:26 of 3rd period - Wrist shot by Alex Killorn.
8:26 of 3rd period - Shot Misses the Net.
9:33 of 3rd period - Slapshot by Alex Killorn.
9:33 of 3rd period - Stopped by Calvin Pickard without a rebound.
9:34 of 3rd period - Nick Bonino wins face-off versus Jimmy Vesey in Mulligans zone.
9:41 of 3rd period - Slapshot by Michael Sdao.
9:41 of 3rd period - Stopped by Tyson Sexsmith without a rebound.
9:42 of 3rd period - Nick Bonino wins face-off versus Charlie Coyle in Influenza zone.
10:17 of 3rd period - Snap shot by Nick Bonino.
10:17 of 3rd period - Shot Blocked by Mathieu Carle.
10:24 of 3rd period - Off-side.
10:25 of 3rd period - Jake Guentzel wins face-off versus Anton Lander in neutral zone.
10:28 of 3rd period - Wrist shot by Max Domi.
10:28 of 3rd period - Shot Misses the Net.
10:30 of 3rd period - Wrist shot by Max Domi.
10:30 of 3rd period - Shot Blocked by Darren Dietz.
10:32 of 3rd period - Wrist shot by Max Domi.
10:32 of 3rd period - Stopped by Calvin Pickard without a rebound.
10:33 of 3rd period - Jake Guentzel wins face-off versus Anton Lander in Mulligans zone.
10:36 of 3rd period - Wrist shot by Iiro Pakarinen.
10:36 of 3rd period - Stopped by Calvin Pickard with a rebound.
10:58 of 3rd period - Snap shot by Matt Beleskey.
10:58 of 3rd period - Stopped by Tyson Sexsmith without a rebound.
10:59 of 3rd period - Christoph Bertschy wins face-off versus Jordan Schroeder in Influenza zone.
11:05 of 3rd period - Icing by Jordan Schroeder.
11:06 of 3rd period - Nick Bonino wins face-off versus Jordan Schroeder in Influenza zone.
11:07 of 3rd period - Wrist shot by Eric Tangradi.
11:07 of 3rd period - Shot Misses the Net.
11:21 of 3rd period - Backhand shot by Mathieu Carle.
11:21 of 3rd period - Stopped by Calvin Pickard without a rebound.
11:22 of 3rd period - Charlie Coyle wins face-off versus Anton Lander in Mulligans zone.
11:33 of 3rd period - Drayson Bowman is hit by Beau Bennett and loses puck.
11:54 of 3rd period - Slapshot by Calvin de Haan.
11:54 of 3rd period - Deflect By Beau Bennett.
11:54 of 3rd period - Shot Misses the Net.
11:54 of 3rd period - Puck is out of play.
11:55 of 3rd period - Christoph Bertschy wins face-off versus Jake Guentzel in Mulligans zone.
12:10 of 3rd period - Snap shot by Max Domi.
12:10 of 3rd period - Stopped by Calvin Pickard with a rebound.
12:27 of 3rd period - Slapshot by Michael Sdao.
12:27 of 3rd period - Stopped by Tyson Sexsmith with a rebound.
12:49 of 3rd period - Snap shot by Johan Larsson.
12:49 of 3rd period - Shot Misses the Net.
12:51 of 3rd period - Snap shot by Jordan Schroeder.
12:51 of 3rd period - Shot Blocked by Anton Lander.
13:23 of 3rd period - Wrist shot by Iiro Pakarinen.
13:23 of 3rd period - Stopped by Calvin Pickard with a rebound.
13:43 of 3rd period - Mathieu Carle is hit by Jonathan Tremblay and loses puck.
14:18 of 3rd period - Minor Penalty to Calvin de Haan for Hooking.
14:19 of 3rd period - Charlie Coyle wins face-off versus Nick Bonino in Influenza zone.
14:53 of 3rd period - Wrist shot by Anton Lander.
14:53 of 3rd period - Stopped by Tyson Sexsmith without a rebound.
14:54 of 3rd period - Charlie Coyle wins face-off versus Nick Bonino in Influenza zone.
15:41 of 3rd period - Wrist shot by Nick Bonino.
15:41 of 3rd period - Stopped by Tyson Sexsmith with a rebound.
15:43 of 3rd period - Backhand shot by Michael Sdao.
15:43 of 3rd period - Stopped by Tyson Sexsmith without a rebound.
15:44 of 3rd period - Nick Bonino wins face-off versus Mark Olver in Influenza zone.
16:01 of 3rd period - Wrist shot by Eric Tangradi.
16:01 of 3rd period - Shot Misses the Net.
16:18 of 3rd period - Penalty to Calvin de Haan is over, Calvin de Haan is back on ice.
16:19 of 3rd period - Slapshot by Nick Bonino.
16:19 of 3rd period - Goal by Nick Bonino - Mulligans : 4 - Influenza : 4.
16:20 of 3rd period - Charlie Coyle wins face-off versus Anton Lander in neutral zone.
17:06 of 3rd period - Slapshot by Cody Goloubef.
17:06 of 3rd period - Stopped by Tyson Sexsmith without a rebound.
17:07 of 3rd period - Mark Olver wins face-off versus Maxime Macenauer in Influenza zone.
17:42 of 3rd period - Wrist shot by Beau Bennett.
17:42 of 3rd period - Shot Misses the Net.
17:44 of 3rd period - Wrist shot by Beau Bennett.
17:44 of 3rd period - Shot Misses the Net.
18:17 of 3rd period - Calvin de Haan is hit by Ben Hutton and loses puck.
Goals for this period are 1 for Mulligans vs 0 for Influenza.
Shots for this period are 11 for Mulligans vs 10 for Influenza.
Overtime #1
0:01 of 1st overtime period - Charlie Coyle wins face-off versus Nick Bonino in neutral zone.
1:18 of 1st overtime period - Slapshot by Jake Guentzel.
1:18 of 1st overtime period - Shot Misses the Net.
1:24 of 1st overtime period - Tim Erixon is hit by Sven Baertschi and loses puck.
1:25 of 1st overtime period - Tim Erixon from Influenza is injured at 1:25 of 1st overtime period (Lower Body).
1:26 of 1st overtime period - Charlie Coyle wins face-off versus Nick Bonino in Influenza zone.
2:14 of 1st overtime period - Icing by Calvin de Haan.
2:15 of 1st overtime period - Nick Bonino wins face-off versus Mark Olver in Influenza zone.
3:28 of 1st overtime period - Wrist shot by Maxime Macenauer.
3:28 of 1st overtime period - Stopped by Tyson Sexsmith with a rebound.
4:13 of 1st overtime period - Icing by Calvin de Haan.
4:14 of 1st overtime period - Sven Baertschi wins face-off versus Mark Olver in Influenza zone.
Goals for this period are 0 for Mulligans vs 0 for Influenza.
Shots for this period are 1 for Mulligans vs 0 for Influenza.
ShootOut
5:00 of 1st overtime period - Round #1.
5:00 of 1st overtime period - Mulligans, Nick Bonino.
5:00 of 1st overtime period - Wrist shot by Nick Bonino.
5:00 of 1st overtime period - Stopped by Tyson Sexsmith.
5:00 of 1st overtime period - Influenza, Beau Bennett.
5:00 of 1st overtime period - Backhand shot by Beau Bennett.
5:00 of 1st overtime period - Goal by Beau Bennett.
5:00 of 1st overtime period - Round #2.
5:00 of 1st overtime period - Mulligans, Eric Tangradi.
5:00 of 1st overtime period - Snap shot by Eric Tangradi.
5:00 of 1st overtime period - Stopped by Tyson Sexsmith.
5:00 of 1st overtime period - Influenza, Alex Killorn.
5:00 of 1st overtime period - Wrist shot by Alex Killorn.
5:00 of 1st overtime period - Shot Misses the Net.
5:00 of 1st overtime period - Round #3.
5:00 of 1st overtime period - Mulligans, Anton Lander.
5:00 of 1st overtime period - Deke by Anton Lander.
5:00 of 1st overtime period - Stopped by Tyson Sexsmith.
Back to the Top